 Dungeon Crawl Stone Soup version 0.18.1-5-g4a78601 (webtiles) character file.

12 M4edhros the Grave Robber (level 2, -1/17 HPs)
             Began as an Octopode Necromancer on May 12, 2016.
             Slain by an orc
             ... wielding a +0 falchion
              (4 damage)
             ... on level 3 of the Dungeon.
             The game lasted 00:00:48 (183 turns).

M4edhros the Grave Robber (Octopode Necromancer)     Turns: 183, Time: 00:00:49

Health: -1/17      AC:  1    Str:  7    XL:     2   Next: 33%
Magic:  5/5        EV: 12    Int: 17    God:
Gold:   28         SH:  0    Dex: 12    Spells: 1 memorised, 4 levels left

rFire  . . .     SeeInvis .     c - +0 short sword
rCold  . . .     Gourm    .     (no shield)
rNeg   . . .     Faith    .     (helmet restricted)
rPois  .         Spirit   .     (no amulet)
rElec  .         Dismiss  .     (no ring)
rCorr  .         Reflect  .     (no ring)
SustAt .         Harm     .     (no ring)
MR     .....                    (no ring)
Stlth  +++.......               (no ring)
                                (no ring)
                                (no ring)
                                (no ring)

@: not resistant to hostile enchantments, fairly stealthy
A: almost no armour, amphibious, 8 rings, constrict 8, camouflage 1, gelatinous
body 1
a: no special abilities


You were on level 3 of the Dungeon.
You were not hungry.

You visited 1 branch of the dungeon, and saw 3 of its levels.

You collected 28 gold pieces.

Inventory:

Hand Weapons
 c - a +0 short sword (weapon)
Books
 a - a book of Necromancy

   Spells                             Type                      Level
   a - Pain                           Necromancy                   1
   b - Animate Skeleton               Necromancy                   1
   c - Vampiric Draining              Necromancy                   3
   d - Regeneration                   Charms/Necromancy            3
   e - Animate Dead                   Necromancy                   4
   f - Control Undead                 Necromancy                   4
Comestibles
 b - a bread ration


   Skills:
 - Level 2.0 Dodging
 - Level 2.6 Stealth
 + Level 1.9 Unarmed Combat
 - Level 2.0 Spellcasting
 - Level 4.0 Necromancy


You had 4 spell levels left.
You knew the following spells:

 Your Spells              Type           Power        Failure   Level  Hunger
a - Pain                  Necr           ###.         3%          1    #......


Dungeon Overview and Level Annotations

Branches:
Dungeon (3/15)

Altars:


Innate Abilities, Weirdness & Mutations

You cannot wear most types of armour.
You are amphibious.
You can wear up to eight rings at the same time.
You can use your tentacles to constrict eight enemies at once.
Your skin changes colour to match your surroundings (Stealth).
Your rubbery body absorbs attacks (AC +1).


Message History

You hit the giant cockroach but do no damage.
You squeeze the giant cockroach, but do no damage.
The giant cockroach is heavily wounded.
You constrict the giant cockroach. The giant cockroach barely misses you.
The giant cockroach bites you but does no damage.
Unknown command.
You hit the giant cockroach but do no damage.
The giant cockroach is severely wounded.
You constrict the giant cockroach. The giant cockroach misses you.
Unknown command.
You barely miss the giant cockroach.
The giant cockroach is almost dead.
You constrict the giant cockroach.
You kill the giant cockroach!
Found a lumpy purple potion.
The orc hits you with a falchion.
* * * LOW HITPOINT WARNING * * *
You barely miss the orc. Your grab misses the orc.
The orc hits you with a falchion.
You die...

#........# ##..# ###....†#
#........###..####...##.##
#......<...........##...#
#.............##......###
#...........###..######
#...........##..##
#....<......##.##
................####
...........o@......#
#S..........#....##
.....!......##
........###.# ........#
... ......... ####
......... .......#.


You could see an orc.

Vanquished Creatures
  A giant gecko (D:2)
  A giant cockroach (D:3)
  A goblin (D:1)
  3 hobgoblins
  2 kobolds
  2 rats
10 creatures vanquished.

Notes
Turn   | Place    | Note
--------------------------------------------------------------
     0 | D:1      | M4edhros the Octopode Necromancer began the quest for the Orb.
     0 | D:1      | Reached XP level 1. HP: 11/11 MP: 3/3
    64 | D:2      | Reached skill level 1 in Unarmed Combat
    80 | D:2      | Reached XP level 2. HP: 6/17 MP: 5/5
   183 | D:3      | Slain by an orc

Skill      XL: |  1 |
---------------+----+-----
Unarmed Combat | 1 |  1.9
Dodging        | |  2.0
Stealth        | |  2.6
Spellcasting   | |  2.0
Necromancy     | |  4.0

Action                   || total
-------------------------++-------
Melee: Short sword       ||    20
       Constrict         ||     9
       Tentacles         ||     5
       Unarmed           ||     4
  Use: Potion            ||     1
 Stab: Sleeping          ||     5
Armor: Skin              ||     2
Dodge: Dodged            ||    12
